 Dungeon Crawl Stone Soup version 0.25.0-37-gb73750e0fb (webtiles) character file.

Game seed: 10760545029388424811

4742 funkygono the Destroyer (level 10, -7/79 HPs)
             Began as a Pale Draconian Conjurer on July 10, 2020.
             Was a Follower of Vehumet.
             Mangled by a water moccasin (8 damage)
             ... on level 1 of the Lair of Beasts.
             The game lasted 00:18:44 (11801 turns).

funkygono the Destroyer (Pale Draconian Conjurer)  Turns: 11801, Time: 00:18:44

Health: -7/79      AC:  9    Str: 16    XL:     10   Next: 22%
Magic:  17/21      EV: 14    Int: 18    God:    Vehumet [*.....]
Gold:   427        SH:  4    Dex: 13    Spells: 20/24 levels left

rFire    . . .     SeeInvis .   i - +3 whip (venom)
rCold    . . .     Gourm    .   j - +0 buckler
rNeg     . . .     Faith    .   (armour unavailable)
rPois    +         Spirit   .   A - +1 hat
rElec    .         Reflect  .   E - +0 cloak
rCorr    .         Harm     .   (no gloves)
MR       .....                  (no boots)
Stlth    +++.......             B - amulet of magic regeneration
HPRegen  0.23/turn              h - +6 ring of strength
MPRegen  0.42/turn              k - ring of poison resistance

@: no status effects
A: breathe steam, unfitting armour, cold-blooded, AC +7
a: Breathe Steam, Renounce Religion


You were on level 1 of the Lair of Beasts.
You worshipped Vehumet.
Vehumet was aware of your devotion.
You were not hungry.

You visited 3 branches of the dungeon, and saw 11 of its levels.

You collected 547 gold pieces.
You spent 120 gold pieces at shops.

Inventory:

Hand Weapons
 i - a +3 whip of venom (weapon)
Missiles
 d - 365 stones (quivered)
Armour
 j - a +0 buckler (worn)
 s - a scarf of invisibility
 A - a +1 hat (worn)
 E - a +0 cloak (worn)
Jewellery
 h - a +6 ring of strength (left hand)
 k - a ring of poison resistance (right hand)
 B - an amulet of magic regeneration (around neck)
Wands
 q - a wand of iceblast (5)
 w - a wand of disintegration (14)
 y - a wand of polymorph (5)
Scrolls
 m - 5 scrolls of identify
 o - a scroll of teleportation
 r - 3 scrolls of remove curse
 z - a scroll of fear
 C - a scroll of amnesia
 D - a scroll of magic mapping
 F - a scroll of blinking
Potions
 a - a potion of haste
 c - 4 potions of stabbing
 f - 5 potions of curing
 g - a potion of flight
 l - 3 potions of might
 n - 3 potions of heal wounds
 p - a potion of mutation
 t - a potion of berserk rage
 u - a potion of lignification
 v - a potion of brilliance
 x - 2 potions of resistance
Comestibles
 b - 19 rations


   Skills:
 + Level 4.2 Fighting
   Level 1.2 Short Blades
 + Level 4.5 Maces & Flails
 + Level 4.7 Dodging
 + Level 4.0 Stealth
 + Level 2.1 Shields
 + Level 7.9 Spellcasting
 + Level 9.2 Conjurations
 + Level 1.9 Air Magic


You had 20 spell levels left.
You knew the following spells:

 Your Spells              Type           Power        Failure   Level  Hunger
a - Magic Dart            Conj           ####         1%          1    None
b - Searing Ray           Conj           #####.       1%          2    None
c - Shock                 Conj/Air       ####         1%          1    None

Your spell library contained the following spells:

 Spells                   Type           Power        Failure   Level  Hunger
 Dazzling Flash           Conj/Hex       ###...       5%          3    #......
 Fulminant Prism          Conj/Hex       ###.......   19%         4    ###....
 Iskenderun's Mystic Bla  Conj/Tloc      ###.....     19%         4    ###....


Dungeon Overview and Level Annotations

Branches:
Dungeon (9/15)             Temple (1/1) D:6            Lair (1/6) D:8
    Orc: D:9-12

Altars:
Ashenzari
Cheibriados
Dithmenos
Elyvilon
Fedhas
Gozag
Hepliaklqana
Kikubaaqudgha
Makhleb
Nemelex Xobeh
Okawaru
Qazlal
Ru
Sif Muna
Trog
Uskayaw
Vehumet
Wu Jian
Xom
Yredelemnul
Zin
The Shining One

Shops:
D:4 !   D:5 *   D:7 }

Annotations:
D:9 1 runed translucent door, SamuraiZach's ghost, novice TrBe


Innate Abilities, Weirdness & Mutations

You can breathe blasts of scalding, opaque steam.
Your pale cyan-grey scales are hard. (AC +7)
You cannot fit into any form of body armour.
You are cold-blooded and may be slowed by cold attacks.


Message History

The four-headed hydra barely misses you.
The four-headed hydra bites you!
The searing ray hits the four-headed hydra!
The four-headed hydra is heavily wounded.
The water moccasin bites you.
The four-headed hydra barely misses you.
The four-headed hydra misses you.
The four-headed hydra bites you but does no damage. x2
The water moccasin bites you!
The searing ray hits the four-headed hydra.
The four-headed hydra is severely wounded.
You finish channeling your searing ray.
The four-headed hydra bites you.
* * * LOW HITPOINT WARNING * * *
The four-headed hydra bites you!
* * * LOW HITPOINT WARNING * * *
The four-headed hydra barely misses you.
The four-headed hydra bites you!
* * * LOW HITPOINT WARNING * * *
The water moccasin bites you!
You die...

##
############P####
................#
...............#
......#@##
#....#DS#
#...##.####..
#.<...........
#.†$.#........
#...##.##.#..#
.......... .P..#
#PP........ ...
...........#. #.#


You could see a four-headed hydra (very poisoned) and a water moccasin.

Vanquished Creatures
  Erica (D:8)
  The ghost of xccam the Slicer, a novice OpAs of Uskayaw (D:7)
  Joseph (D:8)
  A centaur skeleton (D:9)
  A hippogriff (D:7)
  Prince Ribbit (D:7)
  A water moccasin (Lair:1)
  An orc warrior (D:6)
  2 black bears (D:6)
  A phantom (D:4)
  2 ice beasts
  A centaur (D:7)
  4 bullfrogs (D:9)
  A scorpion (D:9)
  A water moccasin skeleton (D:9)
  12 killer bees (D:9)
  3 wights (D:8)
  A howler monkey (D:4)
  A crimson imp (D:6)
  4 hounds
  A quasit (D:9)
  3 orc priests
  A bullfrog skeleton (D:6)
  4 orc wizards
  An iguana (D:9)
  5 worker ants
  2 hound skeletons
  3 gnolls (D:3)
  11 adders
  A shadow imp (D:5)
  An ooze (D:2)
  2 adder skeletons (D:9)
  5 worms
  4 dart slugs
  6 leopard geckos
  22 orcs
  5 bats
  5 giant cockroaches
  9 goblins
  5 hobgoblins
  6 jackals
  8 kobolds
  4 quokkas
  2 ball pythons
  4 frilled lizards
  A quokka zombie (D:6)
  7 rats
169 creatures vanquished.

Vanquished Creatures (others)
  2 withered plants (D:9)
2 creatures vanquished.

Grand Total: 171 creatures vanquished

Notes
Turn   | Place    | Note
-------+----------+-------------------------------------------
     0 | D:1      | funkygono the Draconian Conjurer began the quest for the
                  | Orb.
     0 | D:1      | Reached XP level 1. HP: 14/14 MP: 3/3
   290 | D:1      | Reached XP level 2. HP: 16/20 MP: 0/5
   297 | D:1      | Learned a level 2 spell: Searing Ray
   973 | D:2      | Reached XP level 3. HP: 26/26 MP: 2/6
  1200 | D:2      | Found a shadowy altar of Dithmenos.
  1547 | D:2      | Reached XP level 4. HP: 33/33 MP: 4/8
  2654 | D:3      | Found a sacrificial altar of Ru.
  2705 | D:3      | Reached skill level 5 in Conjurations
  2708 | D:3      | Reached XP level 5. HP: 38/38 MP: 0/9
  3533 | D:4      | Found Wexaokar's Distillery.
  3565 | D:4      | Reached skill level 1 in Fighting
  3750 | D:4      | Bought 2 potions of heal wounds for 120 gold pieces
  3828 | D:4      | Reached XP level 6. HP: 43/47 MP: 4/11
  4153 | D:4      | Reached skill level 1 in Short Blades
  4420 | D:4      | Found a burning altar of Makhleb.
  5064 | D:5      | Entered Level 5 of the Dungeon
  5064 | D:5      | Found Ruthin's Assorted Antiques.
  5109 | D:5      | Reached skill level 1 in Maces & Flails
  5119 | D:5      | Your scales start taking on a pale cyan-grey colour.
  5119 | D:5      | Reached XP level 7. HP: 29/52 MP: 2/13
  6082 | D:5      | Reached skill level 6 in Conjurations
  6271 | D:6      | Found a staircase to the Ecumenical Temple.
  6288 | Temple   | Entered the Ecumenical Temple
  6300 | Temple   | Became a worshipper of Vehumet
  6548 | D:6      | Found a blossoming altar of Fedhas.
  6603 | D:6      | Reached skill level 5 in Spellcasting
  6716 | D:6      | Found a bloodstained altar of Trog.
  7201 | D:6      | Reached XP level 8. HP: 18/62 MP: 1/15
  7532 | D:7      | Found Niotaca's Gadget Boutique.
  7645 | D:7      | Noticed Prince Ribbit
  7650 | D:7      | Killed Prince Ribbit
  7732 | D:7      | Found a hide-covered altar of Uskayaw.
  8594 | D:7      | Noticed a hippogriff
  8603 | D:7      | Killed a hippogriff
  8603 | D:7      | Reached skill level 7 in Conjurations
  8815 | D:7      | Found a runed translucent door.
  8815 | D:7      | Noticed xccam's ghost (novice OpAs)
  8831 | D:7      | Killed xccam's ghost
  8831 | D:7      | Reached skill level 1 in Shields
  8831 | D:7      | Reached XP level 9. HP: 59/70 MP: 5/18
  9338 | D:8      | Found a staircase to the Lair.
  9481 | D:8      | You fall into a shaft and drop 1 floor!
  9811 | D:9      | Found a runed translucent door.
  9811 | D:9      | Noticed SamuraiZach's ghost (novice TrBe)
  9819 | D:9      | Reached skill level 8 in Conjurations
  9905 | D:9      | Reached * piety under Vehumet
  9905 | D:9      | Offered knowledge of Shock by Vehumet.
  9919 | D:9      | Learned a level 1 spell: Shock
 10021 | D:9      | Found a shadowy altar of Dithmenos.
 10022 | D:9      | Found a stormy altar of Qazlal.
 11203 | D:8      | Noticed Joseph
 11213 | D:8      | Killed Joseph
 11213 | D:8      | Reached skill level 9 in Conjurations
 11213 | D:8      | Reached skill level 1 in Air Magic
 11213 | D:8      | Reached XP level 10. HP: 37/79 MP: 14/21
 11626 | D:8      | Noticed Erica
 11635 | D:8      | Killed Erica
 11783 | Lair:1   | Entered Level 1 of the Lair of Beasts
 11783 | Lair:1   | Noticed a four-headed hydra
 11801 | Lair:1   | HP: 1/79 [four-headed hydra (8)]
 11801 | Lair:1   | Mangled by a water moccasin

Illustrated notes

Levels and vault maps discovered:
D:1:      lightli_arrival_chessboard, layout_rooms
D:2:      layout_basic, grunt_dithmenos_smoke_and_mirrors
D:3:      layout_basic, nicolae_ru_the_path_less_chosen, first_ration,
          minmay_misc_feat_nine_boxes
D:4:      layout_layer_cave, kennysheep_little_box, serial_shops, shop
D:5:      layout_basic, serial_shops, shop
D:6:      layout_cave_pods, fedhas_altar_4, minmay_temple_entry_waves,
          trog_ov_bears_minmay
D:7:      layout_layer_cave, eat_drink_and_be_merry_uskayaw,
          gammafunk_ghost_grave, serial_shops, shop,
          chequers_serial_rivers_marsh, uniq_prince_ribbit1
D:8:      layout_basic, lair_entry_dummy, uniq_joseph, uniq_erica
D:9:      layout_rooms, chequers_temple_overflow_statue_of_worship,
          gammafunk_ghost_grave
Temple:   compressed_dpeg_circular_temple
Lair:1:   layout_loops_ring, basic_altar, grunt_megastairs_4

Skill      XL: |  1  2  3  4  5  6  7  8  9 10 |
---------------+-------------------------------+-----
Dodging        | 2 3 4 |  4.7
Stealth        | 2 3 4 |  4.0
Spellcasting   | 3 4 5 6 7 |  7.9
Conjurations   | 5 6 7 9 |  9.2
Fighting       | 1 2 3 4 |  4.2
Short Blades   | 1 |  1.2
Maces & Flails | 1 3 4 |  4.5
Shields        | 1 2 |  2.1
Air Magic      | 1 |  1.9

Action                   |  1- 3 |  4- 6 |  7- 9 | 10-12 || total
-------------------------+-------+-------+-------+-------++-------
Melee: Unarmed           |    19 |       |       |       ||    19
       Dagger            |    20 |    16 |       |       ||    36
       Tailslap          |     5 |     9 |     6 |     1 ||    21
       Whip              |       |    38 |    33 |     5 ||    76
 Cast: Magic Dart        |    55 |   103 |    94 |     2 ||   254
       Searing Ray       |     7 |    13 |    42 |     3 ||    65
       Shock             |       |       |    32 |       ||    32
 Abil: Breathe Steam     |       |       |     1 |       ||     1
  Use: Scroll            |     3 |     7 |    12 |       ||    22
       Potion            |       |     1 |     1 |       ||     2
  Eat: Chunk             |     3 |    10 |    14 |       ||    27
       Ration            |       |       |     2 |     1 ||     3
Armor: Skin              |    41 |    18 |    31 |     8 ||    98
Dodge: Dodged            |    52 |    43 |    68 |    11 ||   174
Block: Buckler           |       |     3 |    18 |     3 ||    24
